Map: Eternal Empire LE

Players

antagomiR

  • Race: Protoss Protoss
  • League: Gold
  • Spawn Location: 7:00

Whipface - Winner!

  • Race: Protoss Protoss
  • League: Diamond
  • Spawn Location: 1:00

VOD

Have the link to the VOD?

Description

Time

  • Played on: April 2, 2020, 12:07 a.m.
  • Length: 16:09
Show
View Real Time Build Order
Export as new Build Order

antagomiR Protoss 

Build Orders: Zealot Archon 

Get SALT Encoding   

  12  0:01  Probe  
  13  0:13  Probe  
  14  0:25  Probe  
  15  0:32  Pylon  
  15  0:49  Assimilator  
  15  0:50  Probe  
  15  0:53  Gateway  
  16  1:02  Probe  
  17  1:14  Probe  
  18  1:19  Assimilator  
  18  1:26  Probe  
  19  1:44  Cybernetics Core  
  19  1:49  Pylon  
  19  1:54  Probe  
  20  2:06  Probe  
  21  2:15  Warp Gate (Chrono Boost)  
  21  2:19  Probe  
  22  2:31  Probe  
  22  2:36  Nexus  
  23  2:40  Pylon  
  23  2:43  Stalker  
  25  2:52  Pylon  
  25  2:55  Robotics Facility  
  25  3:05  Shield Battery  
  25  3:09  Probe  
  26  3:16  Sentry  
  28  3:21  Probe  
  29  3:27  Forge  
  29  3:34  Gateway  
  29  3:36  Gateway  
  29  3:50  Probe x2  
  29  3:54  Assimilator  
  31  4:00  Observer (Chrono Boost)  
  31  4:02  Probe  
  33  4:11  Probe, Twilight Council  
  33  4:13  Sentry  
  33  4:14  Probe  
  37  4:22  Protoss Ground Weapons Level 1 (Chrono Boost)  
  37  4:25  Probe  
  37  4:26  Probe  
  39  4:34  Assimilator  
  39  4:40  Zealot  
  39  4:41  Zealot  
  39  4:44  Stalker  
  45  4:52  Probe x2  
  47  5:04  Probe, Templar Archives  
  47  5:06  Pylon  
  48  5:10  Pylon  
  48  5:14  Stalker  
  50  5:33  Probe x2  
  52  5:45  Probe x2  
  52  5:49  Gateway  
  54  5:51  Gateway  
  54  5:52  Gateway  
  54  5:56  High Templar x3  
  60  5:57  Probe  
  60  6:00  Probe  
  62  6:09  Probe  
  63  6:12  Probe  
  68  6:28  Observer  
  68  6:30  High Templar  
  68  6:31  High Templar  
  69  6:32  Archon  
  69  6:35  Archon  
  69  6:40  Probe x2  
  71  6:49  Observer  
  71  6:52  Probe x2, Nexus  
  71  6:54  Pylon  
  74  6:57  Pylon  
  74  7:04  High Templar x2  
  78  7:10  Pylon  
  78  7:11  Protoss Ground Weapons Level 2 (Chrono Boost)  
  78  7:12  Pylon  
  78  7:17  Pylon  
  78  7:28  Pylon  
  78  7:41  Photon Cannon  
  78  7:44  Photon Cannon  
  78  7:45  Probe x2  
  80  7:57  Probe x2  
  82  7:59  Shield Battery  
  82  8:02  Photon Cannon  
  82  8:05  Photon Cannon  
  82  8:08  High Templar x4, Photon Cannon  
  82  8:10  Archon, Assimilator  
  82  8:12  Archon x2  
  90  8:15  Zealot x2  
  94  8:33  Stargate  
  94  8:35  Stargate  
  94  8:46  High Templar  
  96  8:53  Probe x3  
  99  9:05  Probe  
  99  9:08  Assimilator  
  100  9:10  High Templar  
  100  9:12  High Templar  
  104  9:20  Probe x3  
  107  9:32  Probe  
  107  9:36  High Templar x2  
  112  9:38  Archon  
  112  9:40  Archon x2  
  112  9:48  Protoss Ground Weapons Level 3 (Chrono Boost)  
  112  10:04  Robotics Bay  
  112  10:08  Probe x3  
  115  10:16  Nexus  
  115  10:19  Pylon  
  115  10:20  Probe  
  116  10:22  Pylon  
  116  10:28  Photon Cannon  
  116  10:31  Photon Cannon  
  116  10:33  Photon Cannon  
  116  10:36  Photon Cannon  
  116  10:38  Pylon  
  116  10:40  Photon Cannon  
  116  10:44  Probe x3  
  116  10:45  Photon Cannon  
  116  10:47  Shield Battery  
  116  10:49  Shield Battery  
  119  10:51  Shield Battery  
  119  10:52  Shield Battery  
  119  10:53  Photon Cannon  
  119  10:56  Probe, Photon Cannon  
  120  10:57  High Templar x2  
  120  10:58  High Templar x2  
  120  11:00  Photon Cannon  
  120  11:01  Archon  
  120  11:02  Archon, Photon Cannon  
  128  11:11  Sentry  
  128  11:12  Sentry  
  132  11:21  Observer  
  133  11:44  Fleet Beacon  
  133  11:49  Gravitic Boosters  
  133  11:57  High Templar x2  
  137  12:02  Probe x3  
  140  12:10  Assimilator  
  140  12:13  Pylon  
  140  12:14  Probe x2, Assimilator  
  142  12:18  Pylon  
  142  12:24  Gateway  
  142  12:26  Gateway  
  142  12:35  Gateway  
  142  12:43  High Templar x4  
  150  12:45  Archon  
  150  12:47  Archon x2  
  150  12:56  Probe x4  
  160  13:07  Tempest  
  160  13:08  Probe  
  159  13:22  Stalker x2  
  159  13:23  Stalker x3  
  159  13:24  Stalker  
  171  13:50  High Templar x2  
  171  13:51  High Templar x2  
  179  13:57  Tempest  
  179  13:59  Archon  
  179  14:00  Pylon, Archon  
  183  14:28  High Templar x3  
  183  14:29  Pylon  
  183  14:30  Stalker  
  183  14:31  Stalker x2  
  195  14:42  Archon  
  195  14:44  High Templar  
  197  14:55  High Templar  
  197  14:57  Archon  
Show
View Real Time Build Order
Export as new Build Order

Whipface Protoss - Winner!

Build Orders: Carriers 

Get SALT Encoding   

  12  0:01  Probe  
  13  0:13  Probe  
  14  0:19  Pylon  
  14  0:31  Probe  
  15  0:44  Probe  
  15  0:46  Forge  
  16  0:54  Pylon  
  16  0:56  Probe (Chrono Boost)  
  17  1:00  Assimilator  
  17  1:08  Probe (Chrono Boost)  
  18  1:11  Assimilator  
  18  1:21  Gateway  
  18  1:25  Probe  
  19  1:37  Probe  
  20  1:50  Probe  
  20  1:53  Photon Cannon  
  21  2:02  Probe  
  22  2:13  Cybernetics Core  
  22  2:14  Probe  
  23  2:26  Probe  
  24  2:44  Nexus  
  24  3:00  Pylon  
  24  3:06  Stargate  
  24  3:11  Stargate  
  24  3:20  Stargate  
  24  3:30  Assimilator  
  24  3:35  Probe (Chrono Boost)  
  24  3:36  Assimilator  
  25  3:47  Probe (Chrono Boost)  
  26  3:56  Void Ray  
  26  3:59  Probe  
  26  4:00  Probe  
  31  4:11  Probe  
  31  4:12  Probe  
  33  4:19  Shield Battery  
  34  4:24  Probe x2 (Chrono Boost)  
  35  4:36  Probe (Chrono Boost)  
  35  4:38  Void Ray  
  37  4:42  Probe (Chrono Boost)  
  37  4:44  Probe (Chrono Boost)  
  42  4:48  Probe (Chrono Boost)  
  43  5:03  Pylon  
  43  5:06  Probe x2  
  45  5:08  Pylon  
  45  5:14  Pylon  
  45  5:18  Probe  
  45  5:21  Probe  
  47  5:23  Protoss Air Weapons Level 1 (Chrono Boost)  
  47  5:25  Void Ray  
  47  5:30  Probe  
  52  5:37  Photon Cannon  
  52  5:43  Void Ray  
  52  5:47  Probe x2  
  58  6:05  Nexus  
  58  6:11  Pylon  
  58  6:14  Pylon  
  58  6:17  Pylon  
  58  6:23  Void Ray  
  62  6:39  Robotics Facility  
  62  6:42  Probe x2  
  62  6:47  Void Ray  
  68  6:57  Fleet Beacon  
  68  7:04  Probe  
  68  7:05  Probe  
  70  7:15  Assimilator  
  70  7:16  Probe  
  70  7:17  Probe  
  70  7:19  Probe, Assimilator  
  73  7:26  Void Ray x2, Protoss Air Armor Level 1  
  82  7:30  Observer  
  82  7:41  Photon Cannon  
  82  7:44  Photon Cannon  
  82  7:45  Probe x2  
  82  7:48  Photon Cannon  
  85  7:51  Observer  
  85  7:56  Probe  
  85  7:57  Probe  
  87  7:59  Probe  
  87  8:02  Carrier  
  94  8:09  Tempest  
  99  8:19  Probe x3  
  102  8:22  Carrier  
  108  8:39  Protoss Shields Level 1  
  108  8:47  Photon Cannon  
  108  8:52  Carrier  
  114  9:02  Unknown  
  114  9:04  Pylon  
  114  9:06  Pylon  
  114  9:10  Pylon  
  113  9:18  Stargate  
  113  9:26  Stargate  
  113  9:27  Probe x3  
  116  9:33  Carrier  
  116  9:35  Protoss Air Weapons Level 2 (Chrono Boost), Carrier  
  128  9:39  Probe  
  129  9:49  Zealot  
  131  9:59  Gateway  
  131  10:01  Gateway  
  131  10:03  Gateway, Pylon  
  131  10:05  Pylon  
  131  10:13  Pylon  
  131  10:16  Pylon, Zealot  
  131  10:19  Carrier  
  139  10:28  Carrier  
  145  10:34  Mothership  
  153  10:47  Twilight Council  
  153  11:03  Carrier  
  159  11:08  Nexus  
  159  11:22  Zealot x4  
  159  11:25  Protoss Shields Level 2 (Chrono Boost), Charge  
  167  11:35  Pylon  
  167  11:37  Pylon  
  167  11:40  Pylon  
  167  11:43  Pylon  
  167  11:49  Observer  
  167  11:52  Protoss Air Armor Level 2 (Chrono Boost)  
  168  11:58  Stalker  
  170  12:10  Assimilator  
  170  12:14  Assimilator  
  170  12:19  Pylon  
  170  12:20  Tempest x3  
  170  12:22  Pylon  
  185  12:24  Tempest  
  185  12:26  Pylon  
  185  12:29  Pylon  
  190  13:46  Photon Cannon  
  190  13:48  Photon Cannon  
  190  13:49  Photon Cannon  
  190  13:52  Photon Cannon  
  190  13:54  Photon Cannon  
  190  13:59  Photon Cannon  
  190  14:00  Photon Cannon  
  190  14:01  Photon Cannon, Carrier  
  196  14:03  Photon Cannon  
  196  14:04  Void Ray  
  196  14:05  Photon Cannon  
  196  14:06  Photon Cannon  
  200  14:11  Photon Cannon  
  200  14:13  Photon Cannon  
Tags
 
Matchup
PvP
Replay Pack
20200422
Spawn Locations
Cross Positions
Add a new tag
Caveats
  • Supply blocks, unpowered buildings, or Contaminate may cause inaccurate times.
  • Supply counts are checked every 10 seconds.